[ AOE2 MATCH · #479314044 ]
UnrankedPersians vs Khmer
[ REPLAY ANALYSIS · EXTRACTED FROM THE RECORDED GAME ]
Feudal
10:16
Castle
17:35
Imperial
34:51
| APM avg | 38.3 |
| APM peak | 104 |
| eAPM avg | 24.1 |
| Villagers / military | 164 / 121 |
Focus
⚔️ 23.1% · 🌾 76.9%
Archer ×67 · Hand Cannoneer ×19 · Knight ×11 · Spearman ×9 · Petard ×5 · Trebuchet (Packed) ×5
Feudal
11:25
Castle
15:01
Imperial
31:42
| APM avg | 22.4 |
| APM peak | 50 |
| eAPM avg | 14.1 |
| Villagers / military | 110 / 135 |
Focus
⚔️ 22.1% · 🌾 77.9%
Spearman ×78 · Skirmisher ×35 · Iron Pagoda ×12 · Bombard Cannon ×9 · War Wagon ×1
Feudal
9:27
Castle
16:25
Imperial
32:38
| APM avg | 23.1 |
| APM peak | 62 |
| eAPM avg | 18.2 |
| Villagers / military | 138 / 262 |
Focus
⚔️ 43.8% · 🌾 56.2%
Spearman ×161 · Organ Gun ×76 · Mangonel ×22 · Trebuchet (Packed) ×3
Feudal
11:28
Castle
18:25
Imperial
33:15
| APM avg | 21.4 |
| APM peak | 51 |
| eAPM avg | 15.4 |
| Villagers / military | 127 / 166 |
Focus
⚔️ 34.6% · 🌾 65.4%
Konnik ×82 · Spearman ×72 · Trade Cart ×11 · Trebuchet (Packed) ×6 · Battering Ram ×5 · Monk ×1
Feudal
—
Castle
—
Imperial
—
| APM avg | 7.9 |
| APM peak | 30 |
| eAPM avg | 6.8 |
| Villagers / military | 59 / 84 |
Focus
⚔️ 31.2% · 🌾 68.8%
Scout Cavalry ×32 · Camel Scout ×20 · Spearman ×16 · Scorpion ×8 · Ghulam ×8
Feudal
18:33
Castle
33:35
Imperial
42:46
| APM avg | 11.5 |
| APM peak | 49 |
| eAPM avg | 8.3 |
| Villagers / military | 125 / 30 |
Focus
⚔️ 20.4% · 🌾 79.6%
Organ Gun ×30
Feudal
10:57
Castle
15:28
Imperial
32:37
| APM avg | 24.6 |
| APM peak | 60 |
| eAPM avg | 14.9 |
| Villagers / military | 123 / 174 |
Focus
⚔️ 30.3% · 🌾 69.7%
Spearman ×78 · Magyar Huszar ×71 · Scorpion ×19 · Trebuchet (Packed) ×5 · Monk ×1
Feudal
11:34
Castle
14:21
Imperial
29:52
| APM avg | 30.8 |
| APM peak | 77 |
| eAPM avg | 16.8 |
| Villagers / military | 150 / 183 |
Focus
⚔️ 21.2% · 🌾 78.8%
Scout Cavalry ×108 · Scorpion ×67 · Trebuchet (Packed) ×5 · Monk ×3
Match map
Initial resources + every placement click. Lines = walls · curves = elevation contours. ◆ gold · ⬟ stone · ● berries · ✦ relic · ◌ wall gap
Your base· ✓ Closed at 17:35 · 0t walls · 4 gate(s)
urso's base· ✓ Closed at 15:01 · 0t walls · 2 gate(s)
CABECINHA's base· ✓ Closed at 16:25 · 0t walls · 3 gate(s)
Viktorvic's base· ✓ Closed at 18:25 · 0t walls · 2 gate(s)
goldendome7890's base· ✓ Closed at 17:42 · 0t walls · 2 gate(s)
Woker-.-'s base· ✓ Closed at 33:35 · 1t walls · 3 gate(s)
henrygon013's base· ✓ Closed at 15:28 · 0t walls · 2 gate(s)
Sevelinda Parada's base· ✓ Closed at 14:21 · 0t walls · 3 gate(s)
Smoothed initial terrain · ◌ = detected wall gap · hover for details
Inputs per minute
— Uanderson|SP - - urso
Build order — Uanderson|SP
First 150 of 357 actions detected
| 0:01 | Create | Villager (Male) |
| 0:02 | Create | Villager (Male) |
| 0:03 | Build | House |
| 0:05 | Build | House |
| 0:54 | Create | Villager (Male) |
| 0:54 | Create | Villager (Male) |
| 0:55 | Create | Villager (Male) |
| 1:23 | Build | Lumber Camp |
| 1:32 | Create | Villager (Male) |
| 2:13 | Create | Villager (Male) |
| 2:30 | Create | Villager (Male) |
| 3:05 | Create | Villager (Male) |
| 3:24 | Build | House |
| 3:32 | Create | Villager (Male) |
| 3:32 | Create | Villager (Male) |
| 4:01 | Create | Villager (Male) |
| 4:08 | Build | Mill |
| 4:25 | Create | Villager (Male) |
| 4:46 | Create | Villager (Male) |
| 5:03 | Build | House |
| 5:23 | Create | Villager (Male) |
| 5:55 | Create | Villager (Male) |
| 6:21 | Create | Villager (Male) |
| 6:59 | Create | Villager (Male) |
| 7:14 | Research | Loom |
| 7:19 | Create | Villager (Male) |
| 7:30 | Build | House |
| 7:32 | Build | House |
| 7:34 | Build | House |
| 7:48 | Create | Villager (Male) |
| 8:00 | Research | Feudal Age |
| 8:53 | Create | Villager (Male) |
| 9:07 | Build | House |
| 9:20 | Create | Villager (Male) |
| 9:28 | Build | Mining Camp |
| 9:52 | Build | House |
| 10:10 | Build | Farm |
| 10:10 | Build | Farm |
| 10:16 | Age | Feudal Age |
| 10:18 | Research | Double-Bit Axe |
| 10:28 | Build | Palisade Gate |
| 10:35 | Build | Blacksmith |
| 10:40 | Create | Villager (Male) |
| 11:11 | Build | Market |
| 11:16 | Create | Villager (Male) |
| 11:40 | Build | Farm |
| 11:44 | Create | Villager (Male) |
| 11:52 | Build | House |
| 12:07 | Create | Villager (Male) |
| 12:51 | Build | Lumber Camp |
| 12:59 | Build | Farm |
| 12:59 | Build | Farm |
| 13:00 | Build | Farm |
| 13:00 | Build | Farm |
| 13:01 | Create | Villager (Male) |
| 13:17 | Build | Farm |
| 13:18 | Build | Farm |
| 13:28 | Research | Loom |
| 13:37 | Build | Farm |
| 13:37 | Build | Farm |
| 13:37 | Build | Farm |
| 13:39 | Create | Villager (Male) |
| 13:58 | Build | Mining Camp |
| 14:13 | Build | Farm |
| 14:13 | Build | Farm |
| 14:13 | Build | Farm |
| 14:13 | Build | Farm |
| 14:14 | Create | Villager (Male) |
| 15:09 | Research | Castle Age |
| 15:46 | Build | Barracks |
| 15:55 | Create | Villager (Male) |
| 16:55 | Build | Stable |
| 16:58 | Create | Villager (Male) |
| 17:11 | Create | Villager (Male) |
| 17:17 | Create | Spearman |
| 17:18 | Create | Spearman |
| 17:18 | Create | Spearman |
| 17:20 | Create | Spearman |
| 17:35 | Age | Castle Age |
| 17:37 | Research | Town Watch |
| 17:40 | Create | Villager (Male) |
| 18:02 | Create | Villager (Male) |
| 18:22 | Create | Spearman |
| 18:26 | Build | House |
| 18:43 | Create | Villager (Male) |
| 18:43 | Create | Villager (Male) |
| 18:44 | Create | Villager (Male) |
| 19:05 | Research | Forging |
| 19:35 | Build | Castle |
| 20:00 | Create | Knight |
| 20:00 | Create | Knight |
| 20:02 | Create | Villager (Male) |
| 20:11 | Build | Town Center |
| 21:04 | Create | Knight ×3 |
| 21:08 | Create | Villager (Male) |
| 21:10 | Build | Farm |
| 21:11 | Build | Farm |
| 21:11 | Build | Farm |
| 21:11 | Build | Farm |
| 21:11 | Build | Farm |
| 21:12 | Build | Farm |
| 21:12 | Build | Farm |
| 21:25 | Build | Mining Camp |
| 21:29 | Create | Knight |
| 22:00 | Create | Petard |
| 22:00 | Create | Petard |
| 22:04 | Create | Villager (Male) |
| 22:08 | Build | Farm |
| 22:08 | Build | Farm |
| 22:08 | Build | Farm |
| 22:08 | Build | Farm |
| 22:09 | Build | Farm |
| 22:37 | Create | Petard |
| 22:37 | Create | Petard |
| 22:40 | Create | Villager (Male) |
| 22:58 | Create | Villager (Male) |
| 23:08 | Create | Knight |
| 23:37 | Research | Bloodlines |
| 24:29 | Create | Knight |
| 24:29 | Create | Knight |
| 24:32 | Create | Villager (Male) ×4 |
| 24:38 | Build | Farm |
| 24:39 | Build | Farm |
| 24:39 | Build | Farm |
| 24:41 | Create | Villager (Male) |
| 24:55 | Create | Petard |
| 25:11 | Build | Mining Camp |
| 25:42 | Build | Siege Workshop |
| 26:00 | Build | Siege Workshop |
| 26:08 | Create | Villager (Male) ×5 |
| 26:09 | Create | Villager (Male) |
| 26:18 | Research | Scale Barding Armor |
| 26:20 | Create | Villager (Male) |
| 26:21 | Build | Farm |
| 26:55 | Create | Villager (Male) |
| 26:58 | Create | Villager (Male) ×5 |
| 27:09 | Research | Chain Barding Armor |
| 27:17 | Create | Mangonel |
| 27:19 | Create | Villager (Male) |
| 27:23 | Build | Farm |
| 27:23 | Build | Farm |
| 27:24 | Create | Villager (Male) |
| 27:57 | Research | Husbandry |
| 28:00 | Create | Mangonel |
| 28:27 | Create | Villager (Male) ×5 |
| 28:31 | Build | Farm |
| 28:31 | Build | Farm |
| 28:31 | Build | Farm |
| 28:31 | Build | Farm |
| 29:27 | Build | Farm |
Build order — urso
First 150 of 339 actions detected
| 0:03 | Create | Villager (Male) |
| 0:03 | Create | Villager (Male) |
| 0:03 | Create | Villager (Male) |
| 0:03 | Create | Villager (Male) |
| 0:04 | Create | Villager (Male) |
| 0:04 | Build | House |
| 0:06 | Build | House |
| 1:30 | Create | Villager (Male) |
| 2:03 | Create | Villager (Male) |
| 2:12 | Build | Lumber Camp |
| 2:19 | Create | Villager (Male) |
| 2:42 | Build | House |
| 2:48 | Create | Villager (Male) |
| 3:15 | Create | Villager (Male) |
| 3:38 | Create | Villager (Male) |
| 4:20 | Create | Villager (Male) |
| 4:20 | Create | Villager (Male) |
| 4:40 | Create | Villager (Male) |
| 4:59 | Create | Villager (Male) |
| 5:15 | Create | Villager (Male) |
| 5:39 | Create | Villager (Male) |
| 6:03 | Create | Villager (Male) |
| 6:12 | Build | House |
| 6:28 | Create | Villager (Male) |
| 6:47 | Build | Mill |
| 6:51 | Create | Villager (Male) |
| 7:21 | Create | Villager (Male) |
| 7:56 | Build | Farm |
| 7:58 | Build | Farm |
| 8:02 | Create | Villager (Male) |
| 8:05 | Create | Villager (Male) |
| 8:06 | Research | Loom |
| 8:41 | Research | Feudal Age |
| 8:50 | Build | Mining Camp |
| 11:01 | Build | Farm |
| 11:25 | Age | Feudal Age |
| 11:27 | Build | Market |
| 11:33 | Build | Blacksmith |
| 11:35 | Create | Villager (Male) |
| 11:57 | Build | House |
| 12:21 | Research | Castle Age |
| 12:36 | Build | House |
| 12:38 | Build | House |
| 12:47 | Build | Farm |
| 13:21 | Research | Double-Bit Axe |
| 13:32 | Research | Horse Collar |
| 13:39 | Build | Farm |
| 15:01 | Age | Castle Age |
| 15:02 | Create | Villager (Male) |
| 15:12 | Build | Town Center |
| 15:15 | Create | Villager (Male) |
| 15:38 | Create | Villager (Male) |
| 16:01 | Create | Villager (Male) |
| 16:10 | Build | Town Center |
| 16:19 | Create | Villager (Male) |
| 16:30 | Create | Villager (Male) |
| 16:31 | Create | Villager (Male) |
| 16:38 | Create | Villager (Male) |
| 16:44 | Build | Farm |
| 16:52 | Create | Villager (Male) |
| 17:11 | Create | Villager (Male) |
| 17:17 | Build | Farm |
| 17:29 | Create | Villager (Male) |
| 17:30 | Create | Villager (Male) |
| 17:31 | Create | Villager (Male) |
| 17:32 | Create | Villager (Male) |
| 17:36 | Build | Farm |
| 17:48 | Build | Farm |
| 17:49 | Build | Farm |
| 17:49 | Build | Farm |
| 17:49 | Build | Farm |
| 17:49 | Build | Farm |
| 17:49 | Build | Farm |
| 17:50 | Build | Farm |
| 17:51 | Create | Villager (Male) |
| 18:00 | Create | Villager (Male) |
| 18:08 | Create | Villager (Male) |
| 18:11 | Build | Farm |
| 18:12 | Build | Farm |
| 18:18 | Create | Villager (Male) |
| 18:33 | Create | Villager (Male) |
| 18:36 | Build | Farm |
| 18:41 | Build | House |
| 18:42 | Build | House |
| 18:52 | Create | Villager (Male) |
| 18:54 | Build | Farm |
| 18:55 | Build | Farm |
| 19:01 | Create | Villager (Male) |
| 19:20 | Create | Villager (Male) |
| 19:28 | Build | Barracks |
| 19:38 | Create | Villager (Male) |
| 19:47 | Create | Villager (Male) |
| 20:06 | Create | Villager (Male) |
| 20:17 | Research | Wheelbarrow |
| 20:30 | Create | Spearman |
| 20:40 | Build | Farm |
| 20:44 | Create | Villager (Male) |
| 21:03 | Build | Castle |
| 21:06 | Create | Spearman |
| 21:08 | Create | Villager (Male) |
| 21:16 | Create | Villager (Male) |
| 21:23 | Build | Farm |
| 21:23 | Build | Farm |
| 21:29 | Build | Farm |
| 21:29 | Build | Farm |
| 21:31 | Create | Villager (Male) |
| 21:41 | Create | Villager (Male) |
| 21:51 | Create | Villager (Male) |
| 21:53 | Build | Farm |
| 21:55 | Build | Farm |
| 22:04 | Create | Villager (Male) |
| 22:14 | Create | Villager (Male) |
| 22:20 | Create | Villager (Male) |
| 22:30 | Create | Villager (Male) |
| 22:30 | Create | Villager (Male) |
| 22:31 | Create | Villager (Male) |
| 22:39 | Build | Town Center |
| 22:49 | Build | Mining Camp |
| 22:52 | Build | Archery Range |
| 22:53 | Build | Archery Range |
| 23:00 | Build | Siege Workshop |
| 23:02 | Create | War Wagon |
| 23:04 | Create | Villager (Male) |
| 23:05 | Create | Villager (Male) |
| 23:07 | Create | Villager (Male) |
| 23:13 | Build | Farm |
| 23:14 | Build | Farm |
| 23:14 | Build | Farm |
| 23:14 | Build | Farm |
| 23:20 | Create | Villager (Male) |
| 23:23 | Create | Villager (Male) |
| 23:30 | Create | Villager (Male) |
| 23:32 | Create | Villager (Male) |
| 23:54 | Create | Villager (Male) |
| 23:55 | Create | Villager (Male) |
| 23:56 | Create | Villager (Male) |
| 24:01 | Build | Farm |
| 24:06 | Build | Farm |
| 24:07 | Build | Farm |
| 24:09 | Create | Villager (Male) |
| 24:10 | Create | Villager (Male) |
| 24:11 | Create | Villager (Male) |
| 24:34 | Create | Villager (Male) |
| 24:35 | Create | Villager (Male) |
| 24:36 | Create | Villager (Male) |
| 24:38 | Build | Farm |
| 24:38 | Build | Farm |
| 24:38 | Build | Farm |
| 24:38 | Build | Farm |
| 24:39 | Build | Farm |
Build order — CABECINHA
First 150 of 561 actions detected
| 0:01 | Create | Villager (Male) |
| 0:02 | Create | Villager (Male) |
| 0:02 | Create | Villager (Male) |
| 0:02 | Create | Villager (Male) |
| 0:04 | Build | House |
| 0:06 | Build | House |
| 0:09 | Build | House |
| 1:32 | Create | Villager (Male) |
| 1:50 | Build | Lumber Camp |
| 2:13 | Create | Villager (Male) |
| 2:14 | Create | Villager (Male) |
| 2:54 | Build | House |
| 2:55 | Build | House |
| 2:59 | Create | Villager (Male) |
| 3:26 | Create | Villager (Male) |
| 3:55 | Create | Villager (Male) |
| 4:13 | Create | Villager (Male) |
| 4:30 | Create | Villager (Male) |
| 4:46 | Create | Villager (Male) |
| 5:03 | Create | Villager (Male) |
| 5:38 | Build | Mill |
| 5:44 | Create | Villager (Male) |
| 6:27 | Create | Villager (Male) |
| 6:50 | Create | Villager (Male) |
| 7:14 | Research | Feudal Age |
| 7:41 | Build | Lumber Camp |
| 7:50 | Build | House |
| 7:51 | Build | House |
| 7:52 | Build | House |
| 8:07 | Create | Villager (Male) |
| 8:08 | Create | Villager (Male) |
| 9:27 | Age | Feudal Age |
| 9:29 | Build | Farm |
| 9:29 | Build | Farm |
| 9:30 | Build | Farm |
| 9:37 | Build | Farm |
| 9:38 | Build | Farm |
| 9:44 | Create | Villager (Male) |
| 9:56 | Build | Farm |
| 10:07 | Build | Farm |
| 10:12 | Build | Farm |
| 10:13 | Create | Villager (Male) |
| 10:28 | Build | Farm |
| 10:57 | Build | Mining Camp |
| 10:59 | Create | Villager (Male) |
| 11:29 | Create | Villager (Male) |
| 11:47 | Build | Market |
| 11:53 | Create | Villager (Male) |
| 12:05 | Build | Farm |
| 12:11 | Create | Villager (Male) |
| 12:35 | Build | Farm |
| 12:48 | Create | Villager (Male) |
| 12:57 | Build | Blacksmith |
| 13:14 | Create | Villager (Male) |
| 13:16 | Build | Farm |
| 13:40 | Create | Villager (Male) |
| 13:45 | Research | Castle Age |
| 13:54 | Build | Farm |
| 15:25 | Research | Wheelbarrow |
| 15:33 | Build | Mining Camp |
| 16:07 | Create | Villager (Male) |
| 16:25 | Age | Castle Age |
| 16:27 | Create | Villager (Male) |
| 16:29 | Research | Horse Collar |
| 16:31 | Research | Double-Bit Axe |
| 16:55 | Create | Villager (Male) |
| 17:01 | Build | Town Center |
| 17:10 | Build | Town Center |
| 18:02 | Research | Stone Mining |
| 18:04 | Create | Villager (Male) |
| 18:09 | Research | Heavy Plow |
| 18:24 | Research | Bow Saw |
| 18:34 | Build | Farm |
| 18:40 | Create | Villager (Male) |
| 18:40 | Create | Villager (Male) |
| 18:40 | Create | Villager (Male) |
| 18:41 | Create | Villager (Male) |
| 18:54 | Build | Farm |
| 18:58 | Build | Farm |
| 19:00 | Create | Villager (Male) |
| 19:09 | Create | Villager (Male) |
| 19:10 | Create | Villager (Male) |
| 19:14 | Build | Farm |
| 19:19 | Create | Villager (Male) |
| 19:34 | Create | Villager (Male) |
| 19:34 | Create | Villager (Male) |
| 19:48 | Research | Stone Shaft Mining |
| 19:54 | Create | Villager (Male) |
| 19:56 | Create | Villager (Male) |
| 19:56 | Create | Villager (Male) |
| 20:04 | Build | House |
| 20:06 | Build | House |
| 20:07 | Build | House |
| 20:09 | Create | Villager (Male) |
| 20:16 | Build | Farm |
| 20:20 | Build | Farm |
| 20:24 | Build | Farm |
| 20:28 | Build | Farm |
| 20:28 | Build | Farm |
| 20:30 | Create | Villager (Male) |
| 20:30 | Create | Villager (Male) |
| 20:35 | Build | House |
| 20:35 | Build | House |
| 20:36 | Build | House |
| 20:46 | Build | Farm |
| 20:51 | Create | Villager (Male) |
| 21:00 | Build | Farm |
| 21:01 | Create | Villager (Male) |
| 21:05 | Build | House |
| 21:07 | Create | Villager (Male) |
| 21:12 | Create | Villager (Male) |
| 21:20 | Create | Villager (Male) |
| 21:20 | Create | Villager (Male) |
| 21:26 | Build | Farm |
| 21:32 | Create | Villager (Male) |
| 21:46 | Build | Farm |
| 22:02 | Research | Town Watch |
| 22:03 | Create | Villager (Male) |
| 22:04 | Create | Villager (Male) |
| 22:04 | Create | Villager (Male) |
| 22:16 | Create | Villager (Male) |
| 22:22 | Build | Lumber Camp |
| 22:24 | Create | Villager (Male) |
| 22:41 | Build | Castle |
| 22:43 | Build | Mining Camp |
| 22:45 | Create | Villager (Male) |
| 22:45 | Create | Villager (Male) |
| 22:45 | Create | Villager (Male) |
| 23:00 | Create | Villager (Male) |
| 23:00 | Create | Villager (Male) |
| 23:10 | Build | Farm |
| 23:10 | Build | Farm |
| 23:11 | Build | Farm |
| 23:12 | Build | Farm |
| 23:22 | Build | Farm |
| 23:24 | Build | Farm |
| 23:34 | Create | Villager (Male) |
| 23:34 | Create | Villager (Male) |
| 23:34 | Create | Villager (Male) |
| 23:35 | Create | Villager (Male) |
| 23:45 | Build | Town Center |
| 23:52 | Create | Villager (Male) |
| 23:52 | Create | Villager (Male) |
| 23:53 | Create | Villager (Male) |
| 24:03 | Create | Villager (Male) |
| 24:03 | Create | Villager (Male) |
| 24:19 | Create | Villager (Male) |
| 24:19 | Create | Villager (Male) |
| 24:28 | Research | Hand Cart |
| 24:40 | Create | Villager (Male) |
Build order — Viktorvic
First 150 of 461 actions detected
| 0:05 | Build | House |
| 0:09 | Build | House |
| 0:10 | Create | Villager (Male) |
| 0:11 | Create | Villager (Male) |
| 0:11 | Create | Villager (Male) |
| 0:11 | Create | Villager (Male) |
| 1:38 | Create | Villager (Male) |
| 2:05 | Create | Villager (Male) |
| 2:25 | Create | Villager (Male) |
| 2:53 | Create | Villager (Male) |
| 3:10 | Build | Mill |
| 3:24 | Create | Villager (Male) |
| 3:33 | Build | House |
| 3:54 | Create | Villager (Male) |
| 4:19 | Build | House |
| 4:24 | Create | Villager (Male) |
| 4:56 | Create | Villager (Male) |
| 5:09 | Create | Villager (Male) |
| 5:31 | Build | Lumber Camp |
| 5:39 | Create | Villager (Male) |
| 5:42 | Create | Villager (Male) |
| 5:57 | Create | Villager (Male) |
| 6:34 | Create | Villager (Male) |
| 6:44 | Research | Loom |
| 6:48 | Create | Villager (Male) |
| 7:02 | Create | Villager (Male) |
| 7:34 | Create | Villager (Male) |
| 7:54 | Create | Villager (Male) |
| 8:05 | Build | Farm |
| 8:10 | Build | Farm |
| 8:19 | Build | House |
| 8:30 | Create | Villager (Male) |
| 8:51 | Build | Farm |
| 8:53 | Create | Villager (Male) |
| 8:59 | Build | House |
| 9:18 | Research | Feudal Age |
| 9:44 | Build | Mining Camp |
| 10:05 | Build | Mining Camp |
| 10:27 | Create | Villager (Male) |
| 10:27 | Create | Villager (Male) |
| 11:28 | Age | Feudal Age |
| 11:39 | Build | Barracks |
| 12:02 | Build | Blacksmith |
| 12:10 | Create | Villager (Male) |
| 12:22 | Create | Villager (Male) |
| 12:52 | Build | Market |
| 13:11 | Build | Farm |
| 13:13 | Create | Villager (Male) |
| 13:18 | Create | Villager (Male) |
| 13:42 | Build | Farm |
| 14:03 | Build | Farm |
| 14:06 | Build | Farm |
| 14:07 | Create | Villager (Male) |
| 14:30 | Build | Farm |
| 14:44 | Build | Farm |
| 14:46 | Create | Villager (Male) |
| 15:05 | Build | Farm |
| 15:16 | Create | Villager (Male) |
| 15:19 | Build | Farm |
| 15:45 | Research | Castle Age |
| 15:51 | Build | House |
| 15:52 | Build | House |
| 16:36 | Research | Horse Collar |
| 16:40 | Research | Double-Bit Axe |
| 17:20 | Build | House |
| 18:10 | Build | House |
| 18:17 | Create | Villager (Male) |
| 18:18 | Create | Villager (Male) |
| 18:25 | Age | Castle Age |
| 18:31 | Build | Town Center |
| 18:39 | Build | Farm |
| 18:41 | Create | Villager (Male) |
| 18:50 | Build | House |
| 19:03 | Create | Villager (Male) |
| 19:11 | Research | Bow Saw |
| 19:37 | Build | House |
| 19:42 | Create | Villager (Male) |
| 19:46 | Build | Farm |
| 19:54 | Create | Villager (Male) |
| 20:14 | Build | Farm |
| 20:18 | Build | House |
| 20:35 | Create | Villager (Male) |
| 20:35 | Create | Villager (Male) |
| 20:39 | Research | Wheelbarrow |
| 20:43 | Build | Farm |
| 20:45 | Create | Villager (Male) |
| 20:51 | Create | Villager (Male) |
| 21:03 | Build | Farm |
| 21:29 | Build | House |
| 21:31 | Create | Villager (Male) |
| 21:32 | Create | Villager (Male) |
| 21:33 | Create | Villager (Male) |
| 21:38 | Create | Villager (Male) |
| 21:39 | Create | Villager (Male) |
| 21:46 | Research | Heavy Plow |
| 22:13 | Research | Forging |
| 22:17 | Create | Villager (Male) |
| 22:24 | Build | Farm |
| 22:26 | Build | Farm |
| 22:32 | Create | Villager (Male) |
| 22:40 | Create | Villager (Male) |
| 22:42 | Build | Farm |
| 22:51 | Build | Farm |
| 22:52 | Create | Villager (Male) |
| 22:56 | Create | Villager (Male) |
| 23:09 | Build | Town Center |
| 23:15 | Research | Stone Mining |
| 23:20 | Build | Farm |
| 23:29 | Build | Farm |
| 23:30 | Create | Villager (Male) |
| 23:39 | Build | Farm |
| 23:48 | Build | Farm |
| 23:50 | Build | Farm |
| 23:52 | Create | Villager (Male) |
| 24:20 | Build | Krepost |
| 24:30 | Research | Scale Barding Armor |
| 24:39 | Create | Villager (Male) |
| 24:49 | Create | Villager (Male) |
| 24:53 | Build | Farm |
| 24:55 | Build | Farm |
| 24:57 | Create | Villager (Male) |
| 24:58 | Create | Villager (Male) |
| 25:06 | Research | Hand Cart |
| 25:11 | Research | Iron Casting |
| 25:14 | Research | Fletching |
| 25:24 | Research | Gambesons |
| 25:26 | Research | Squires |
| 25:31 | Research | Scale Mail Armor |
| 25:45 | Create | Villager (Male) |
| 25:45 | Create | Villager (Male) |
| 25:45 | Create | Villager (Male) |
| 25:57 | Create | Trade Cart |
| 25:58 | Create | Trade Cart |
| 25:58 | Create | Trade Cart |
| 25:59 | Create | Trade Cart |
| 26:20 | Research | Chain Barding Armor |
| 26:30 | Build | Farm |
| 26:32 | Create | Villager (Male) |
| 26:32 | Create | Villager (Male) |
| 26:32 | Create | Villager (Male) |
| 26:35 | Create | Villager (Male) |
| 26:35 | Create | Villager (Male) |
| 26:38 | Create | Villager (Male) |
| 27:00 | Build | Mining Camp |
| 27:06 | Build | Monastery |
| 27:11 | Build | Farm |
| 27:18 | Build | Farm |
| 27:19 | Create | Villager (Male) |
| 27:29 | Create | Villager (Male) |
| 27:35 | Build | Farm |
Build order — goldendome7890
First 150 of 190 actions detected
| 0:04 | Create | Villager (Male) |
| 0:14 | Build | House |
| 0:23 | Create | Villager (Male) |
| 0:49 | Build | House |
| 1:39 | Create | Villager (Male) |
| 2:15 | Create | Villager (Male) |
| 2:52 | Create | Villager (Male) |
| 3:21 | Create | Villager (Male) |
| 3:34 | Build | House |
| 4:41 | Create | Villager (Male) |
| 6:13 | Create | Villager (Male) |
| 7:27 | Build | Lumber Camp |
| 7:47 | Build | Mill |
| 8:27 | Research | Feudal Age |
| 9:39 | Build | Mining Camp |
| 11:50 | Create | Villager (Male) |
| 11:58 | Create | Villager (Male) |
| 13:49 | Build | Farm |
| 13:57 | Build | Farm |
| 14:06 | Build | Farm |
| 15:19 | Build | Market |
| 15:30 | Create | Villager (Male) |
| 16:29 | Build | Blacksmith |
| 16:56 | Create | Villager (Male) |
| 17:27 | Build | Mining Camp |
| 17:33 | Build | Farm |
| 17:42 | Research | Castle Age |
| 18:03 | Research | Double-Bit Axe |
| 19:51 | Build | Barracks |
| 20:28 | Build | Town Center |
| 20:38 | Create | Villager (Male) |
| 21:35 | Create | Villager (Male) |
| 22:01 | Research | Town Watch |
| 22:02 | Create | Villager (Male) |
| 22:22 | Create | Villager (Male) |
| 22:36 | Create | Villager (Male) |
| 22:37 | Create | Villager (Male) |
| 22:56 | Build | Stable |
| 23:03 | Build | Farm |
| 23:30 | Build | Farm |
| 23:37 | Create | Villager (Male) |
| 23:37 | Create | Villager (Male) |
| 24:12 | Build | House |
| 24:17 | Create | Villager (Male) |
| 24:32 | Build | Farm |
| 24:37 | Build | Farm |
| 24:47 | Build | House |
| 24:52 | Create | Camel Scout |
| 24:52 | Create | Camel Scout |
| 24:52 | Create | Camel Scout |
| 24:53 | Create | Camel Scout |
| 24:53 | Create | Camel Scout |
| 24:54 | Create | Camel Scout |
| 25:14 | Build | Stable |
| 25:24 | Build | House |
| 25:31 | Create | Villager (Male) |
| 25:55 | Create | Villager (Male) |
| 26:03 | Create | Villager (Male) |
| 26:16 | Build | Stable |
| 26:30 | Build | University |
| 26:41 | Create | Villager (Male) |
| 26:57 | Build | Farm |
| 27:18 | Create | Villager (Male) |
| 27:35 | Create | Camel Scout |
| 27:36 | Create | Camel Scout |
| 27:53 | Research | Fortified Wall (upgrade) |
| 28:05 | Build | Farm |
| 28:16 | Build | Farm |
| 28:23 | Build | Farm |
| 28:27 | Create | Villager (Male) |
| 28:27 | Create | Villager (Male) |
| 29:07 | Create | Villager (Male) |
| 29:08 | Create | Villager (Male) |
| 29:09 | Create | Villager (Male) |
| 29:09 | Create | Villager (Male) |
| 29:41 | Build | Mining Camp |
| 30:10 | Build | House |
| 30:12 | Build | House |
| 30:14 | Build | House |
| 30:16 | Build | House |
| 30:20 | Build | House |
| 30:21 | Build | House |
| 30:24 | Build | House |
| 30:36 | Research | Wheelbarrow |
| 30:48 | Research | Gold Mining |
| 30:52 | Research | Bow Saw |
| 31:11 | Create | Villager (Male) |
| 31:18 | Create | Camel Scout |
| 31:19 | Create | Camel Scout |
| 32:02 | Create | Camel Scout |
| 32:02 | Create | Camel Scout |
| 32:02 | Create | Camel Scout |
| 32:20 | Create | Villager (Male) |
| 32:26 | Create | Villager (Male) |
| 32:27 | Create | Villager (Male) |
| 32:52 | Create | Villager (Male) |
| 32:52 | Create | Villager (Male) |
| 33:13 | Build | Farm |
| 33:17 | Create | Villager (Male) |
| 33:18 | Create | Villager (Male) |
| 33:28 | Build | Farm |
| 33:30 | Build | Farm |
| 33:34 | Create | Villager (Male) |
| 33:34 | Create | Villager (Male) |
| 33:35 | Create | Villager (Male) |
| 34:21 | Build | Castle |
| 34:38 | Create | Scout Cavalry ×4 |
| 34:38 | Create | Scout Cavalry ×4 |
| 35:03 | Research | Fletching |
| 35:09 | Create | Villager (Male) |
| 35:53 | Research | Bodkin Arrow |
| 35:57 | Create | Camel Scout |
| 35:57 | Create | Camel Scout |
| 35:57 | Create | Camel Scout |
| 36:09 | Create | Villager (Male) |
| 36:09 | Create | Villager (Male) |
| 36:09 | Create | Villager (Male) |
| 36:18 | Build | Farm |
| 36:21 | Create | Villager (Male) |
| 37:03 | Build | Siege Workshop |
| 37:37 | Create | Scout Cavalry |
| 37:37 | Create | Scout Cavalry |
| 37:37 | Create | Scout Cavalry |
| 37:38 | Create | Scout Cavalry |
| 37:38 | Create | Scout Cavalry |
| 37:39 | Create | Scout Cavalry |
| 37:56 | Create | Scorpion |
| 37:57 | Create | Scorpion |
| 37:57 | Create | Scorpion |
| 37:57 | Create | Scorpion |
| 38:11 | Build | Barracks |
| 38:18 | Build | House |
| 38:19 | Build | House |
| 38:21 | Build | House |
| 38:22 | Build | House |
| 38:24 | Build | House |
| 38:27 | Build | House |
| 38:29 | Build | House |
| 38:31 | Build | House |
| 39:32 | Create | Ghulam |
| 39:32 | Create | Ghulam |
| 39:32 | Create | Ghulam |
| 39:33 | Create | Ghulam |
| 39:33 | Create | Ghulam |
| 39:33 | Create | Ghulam |
| 39:33 | Create | Ghulam |
| 39:33 | Create | Ghulam |
| 39:51 | Create | Spearman |
| 39:52 | Create | Spearman |
| 39:52 | Create | Spearman |
Build order — Woker-.-
First 150 of 272 actions detected
| 0:46 | Create | Villager (Male) |
| 0:47 | Create | Villager (Male) |
| 0:47 | Create | Villager (Male) |
| 0:47 | Create | Villager (Male) |
| 0:52 | Build | House |
| 0:53 | Build | House |
| 0:54 | Build | House |
| 0:56 | Build | House |
| 0:58 | Build | House |
| 4:58 | Create | Villager (Male) |
| 4:58 | Create | Villager (Male) |
| 4:58 | Create | Villager (Male) |
| 5:00 | Research | Loom |
| 7:55 | Create | Villager (Male) |
| 7:55 | Create | Villager (Male) |
| 7:55 | Create | Villager (Male) |
| 7:55 | Create | Villager (Male) |
| 7:56 | Create | Villager (Male) |
| 7:56 | Create | Villager (Male) |
| 7:56 | Create | Villager (Male) |
| 8:03 | Build | Mill |
| 9:35 | Build | Lumber Camp |
| 10:12 | Create | Villager (Male) |
| 10:12 | Create | Villager (Male) |
| 10:12 | Create | Villager (Male) |
| 10:12 | Create | Villager (Male) |
| 10:13 | Create | Villager (Male) |
| 10:38 | Build | Barracks |
| 12:16 | Build | House |
| 12:18 | Build | House |
| 12:22 | Build | House |
| 12:42 | Create | Villager (Male) |
| 12:42 | Create | Villager (Male) |
| 12:42 | Create | Villager (Male) |
| 12:44 | Create | Villager (Male) |
| 13:04 | Create | Villager (Male) |
| 13:04 | Create | Villager (Male) |
| 15:00 | Build | Mining Camp |
| 16:23 | Research | Feudal Age |
| 16:24 | Create | Villager (Male) |
| 16:24 | Create | Villager (Male) |
| 16:25 | Create | Villager (Male) |
| 16:25 | Create | Villager (Male) |
| 18:33 | Age | Feudal Age |
| 18:40 | Research | Town Watch |
| 18:42 | Research | Wheelbarrow |
| 19:15 | Research | Horse Collar |
| 19:37 | Build | Farm |
| 19:38 | Build | Farm |
| 19:40 | Build | Farm |
| 19:43 | Build | Farm |
| 19:45 | Build | Farm |
| 19:47 | Build | Farm |
| 19:48 | Build | Farm |
| 19:51 | Build | Farm |
| 19:53 | Build | Farm |
| 20:43 | Create | Villager (Male) |
| 20:43 | Create | Villager (Male) |
| 20:44 | Create | Villager (Male) |
| 21:45 | Create | Villager (Male) |
| 21:45 | Create | Villager (Male) |
| 21:46 | Create | Villager (Male) |
| 21:46 | Create | Villager (Male) |
| 22:06 | Build | Blacksmith |
| 22:15 | Build | Stable |
| 22:24 | Build | Archery Range |
| 22:44 | Build | Market |
| 23:06 | Create | Villager (Male) |
| 23:06 | Create | Villager (Male) |
| 23:07 | Create | Villager (Male) |
| 23:07 | Create | Villager (Male) |
| 23:07 | Create | Villager (Male) |
| 23:07 | Create | Villager (Male) |
| 24:15 | Build | Farm |
| 24:16 | Build | Farm |
| 24:17 | Build | Farm |
| 24:18 | Build | Farm |
| 24:20 | Build | Farm |
| 24:23 | Build | Farm |
| 24:30 | Create | Villager (Male) |
| 24:31 | Create | Villager (Male) |
| 24:31 | Create | Villager (Male) |
| 24:31 | Create | Villager (Male) |
| 24:31 | Create | Villager (Male) |
| 24:31 | Create | Villager (Male) |
| 24:42 | Build | Farm |
| 24:55 | Build | House |
| 24:57 | Build | House |
| 24:58 | Build | House |
| 24:59 | Build | House |
| 25:00 | Build | House |
| 25:01 | Build | House |
| 25:03 | Build | House |
| 25:05 | Build | House |
| 25:09 | Build | House |
| 25:14 | Build | Palisade Wall |
| 25:51 | Research | Double-Bit Axe |
| 25:57 | Research | Gold Mining |
| 26:28 | Research | Padded Archer Armor |
| 26:29 | Research | Fletching |
| 26:42 | Research | Bloodlines |
| 27:46 | Create | Villager (Male) |
| 27:46 | Create | Villager (Male) |
| 27:46 | Create | Villager (Male) |
| 27:47 | Create | Villager (Male) |
| 27:47 | Create | Villager (Male) |
| 27:47 | Create | Villager (Male) |
| 27:47 | Create | Villager (Male) |
| 27:48 | Create | Villager (Male) |
| 28:13 | Build | House |
| 28:14 | Build | House |
| 29:46 | Build | Mining Camp |
| 30:32 | Research | Scale Mail Armor |
| 30:34 | Research | Forging |
| 30:51 | Research | Castle Age |
| 31:41 | Build | Lumber Camp |
| 32:01 | Research | Stone Mining |
| 32:17 | Create | Villager (Male) |
| 32:17 | Create | Villager (Male) |
| 32:17 | Create | Villager (Male) |
| 32:18 | Create | Villager (Male) |
| 32:19 | Create | Villager (Male) |
| 32:19 | Create | Villager (Male) |
| 32:19 | Create | Villager (Male) |
| 32:19 | Create | Villager (Male) |
| 32:20 | Create | Villager (Male) |
| 32:43 | Create | Villager (Male) |
| 32:43 | Create | Villager (Male) |
| 32:43 | Create | Villager (Male) |
| 32:44 | Create | Villager (Male) |
| 33:35 | Age | Castle Age |
| 33:48 | Build | Town Center |
| 34:22 | Build | Castle |
| 34:36 | Research | Town Patrol |
| 34:39 | Research | Hand Cart |
| 34:50 | Create | Villager (Male) |
| 34:50 | Create | Villager (Male) |
| 34:50 | Create | Villager (Male) |
| 35:27 | Research | Leather Archer Armor |
| 35:44 | Create | Villager (Male) |
| 35:44 | Create | Villager (Male) |
| 35:45 | Create | Villager (Male) |
| 35:45 | Create | Villager (Male) |
| 35:45 | Create | Villager (Male) |
| 36:05 | Build | Farm |
| 36:07 | Build | Farm |
| 36:08 | Build | Farm |
| 36:12 | Build | Farm |
| 36:24 | Build | Mill |
| 36:40 | Build | Farm |
Build order — henrygon013
First 150 of 361 actions detected
| 0:01 | Create | Villager (Male) |
| 0:01 | Create | Villager (Male) |
| 0:01 | Create | Villager (Male) |
| 0:04 | Build | House |
| 0:05 | Build | House |
| 0:53 | Create | Villager (Male) |
| 1:28 | Create | Villager (Male) |
| 1:49 | Build | Lumber Camp |
| 2:00 | Create | Villager (Male) |
| 2:00 | Create | Villager (Male) |
| 2:18 | Create | Villager (Male) |
| 2:47 | Create | Villager (Male) |
| 3:18 | Create | Villager (Male) |
| 3:49 | Build | House |
| 3:59 | Build | House |
| 4:01 | Create | Villager (Male) |
| 4:02 | Create | Villager (Male) |
| 4:15 | Create | Villager (Male) |
| 4:36 | Create | Villager (Male) |
| 4:38 | Build | Mill |
| 4:42 | Build | House |
| 4:45 | Create | Villager (Male) |
| 4:59 | Build | House |
| 5:45 | Create | Villager (Male) |
| 6:35 | Build | Mining Camp |
| 6:42 | Create | Villager (Male) |
| 7:05 | Create | Villager (Male) |
| 7:11 | Create | Villager (Male) |
| 7:11 | Create | Villager (Male) |
| 7:36 | Create | Villager (Male) |
| 8:31 | Research | Feudal Age |
| 9:29 | Create | Villager (Male) |
| 9:29 | Create | Villager (Male) |
| 10:57 | Age | Feudal Age |
| 11:00 | Build | Market |
| 11:02 | Build | Blacksmith |
| 11:55 | Build | Farm |
| 12:48 | Research | Castle Age |
| 12:48 | Research | Castle Age |
| 13:40 | Build | Farm |
| 13:59 | Research | Double-Bit Axe |
| 14:52 | Build | Farm |
| 14:56 | Build | Farm |
| 15:05 | Create | Villager (Male) |
| 15:28 | Age | Castle Age |
| 15:30 | Build | Town Center |
| 15:50 | Build | Town Center |
| 16:00 | Create | Villager (Male) |
| 16:01 | Create | Villager (Male) |
| 16:14 | Create | Villager (Male) |
| 16:17 | Build | Farm |
| 16:30 | Build | Farm |
| 16:34 | Build | Farm |
| 16:40 | Build | Mining Camp |
| 16:51 | Create | Villager (Male) |
| 17:19 | Create | Villager (Male) |
| 17:19 | Create | Villager (Male) |
| 17:25 | Build | Farm |
| 17:29 | Build | Farm |
| 17:53 | Create | Villager (Male) |
| 18:06 | Create | Villager (Male) |
| 18:28 | Create | Villager (Male) |
| 18:28 | Create | Villager (Male) |
| 18:37 | Build | Farm |
| 18:38 | Build | Farm |
| 18:49 | Create | Villager (Male) |
| 18:50 | Create | Villager (Male) |
| 18:53 | Build | Farm |
| 18:54 | Build | Farm |
| 19:03 | Build | Farm |
| 19:07 | Build | Farm |
| 19:16 | Create | Villager (Male) |
| 19:17 | Create | Villager (Male) |
| 19:20 | Create | Villager (Male) |
| 19:24 | Build | Farm |
| 19:27 | Build | Farm |
| 19:32 | Build | Farm |
| 19:34 | Build | Farm |
| 19:35 | Create | Villager (Male) |
| 19:36 | Create | Villager (Male) |
| 19:45 | Build | Castle |
| 19:49 | Create | Villager (Male) |
| 19:49 | Create | Villager (Male) |
| 19:49 | Create | Villager (Male) |
| 19:59 | Create | Villager (Male) |
| 19:59 | Create | Villager (Male) |
| 20:07 | Build | House |
| 20:08 | Build | House |
| 20:10 | Create | Villager (Male) |
| 20:10 | Create | Villager (Male) |
| 20:24 | Research | Wheelbarrow |
| 20:27 | Research | Loom |
| 20:29 | Create | Villager (Male) |
| 20:44 | Create | Villager (Male) |
| 20:45 | Create | Villager (Male) |
| 20:45 | Create | Villager (Male) |
| 21:09 | Create | Villager (Male) |
| 21:14 | Build | House |
| 21:16 | Build | House |
| 21:17 | Build | House |
| 21:25 | Create | Villager (Male) |
| 21:25 | Create | Villager (Male) |
| 21:37 | Build | Farm |
| 21:38 | Build | Farm |
| 21:39 | Build | Farm |
| 21:41 | Create | Villager (Male) |
| 21:56 | Create | Villager (Male) |
| 21:56 | Create | Villager (Male) |
| 22:03 | Build | Gate |
| 22:09 | Create | Villager (Male) |
| 22:09 | Create | Villager (Male) |
| 22:24 | Build | Palisade Gate |
| 22:33 | Create | Villager (Male) |
| 22:33 | Create | Villager (Male) |
| 22:34 | Create | Villager (Male) |
| 22:41 | Create | Villager (Male) |
| 22:41 | Create | Villager (Male) |
| 22:54 | Build | Gate |
| 23:06 | Build | Gate |
| 23:09 | Create | Villager (Male) |
| 23:10 | Create | Villager (Male) |
| 23:10 | Create | Villager (Male) |
| 23:25 | Create | Villager (Male) |
| 23:25 | Create | Villager (Male) |
| 23:25 | Create | Villager (Male) |
| 23:48 | Build | Barracks |
| 23:52 | Create | Villager (Male) |
| 23:53 | Create | Villager (Male) |
| 23:53 | Create | Villager (Male) |
| 24:00 | Build | Gate |
| 24:02 | Create | Villager (Male) |
| 24:02 | Create | Villager (Male) |
| 24:03 | Create | Villager (Male) |
| 24:12 | Create | Villager (Male) |
| 24:13 | Create | Villager (Male) |
| 24:14 | Research | Fletching |
| 24:19 | Create | Villager (Male) |
| 24:22 | Build | Farm |
| 24:23 | Build | Farm |
| 24:23 | Build | Farm |
| 24:23 | Build | Farm |
| 24:23 | Build | Farm |
| 24:24 | Build | Farm |
| 24:24 | Build | Farm |
| 24:24 | Build | Farm |
| 24:31 | Build | University |
| 24:57 | Build | Monastery |
| 24:58 | Build | Farm |
| 25:00 | Create | Villager (Male) |
| 25:00 | Create | Villager (Male) |
Build order — Sevelinda Parada
First 150 of 396 actions detected
| 0:02 | Create | Villager (Male) |
| 0:02 | Create | Villager (Male) |
| 0:02 | Create | Villager (Male) |
| 0:04 | Build | House |
| 0:05 | Build | House |
| 0:41 | Create | Villager (Male) |
| 1:35 | Create | Villager (Male) |
| 2:09 | Create | Villager (Male) |
| 2:12 | Build | House |
| 2:14 | Build | House |
| 2:33 | Create | Villager (Male) |
| 2:33 | Create | Villager (Male) |
| 2:54 | Build | House |
| 3:13 | Create | Villager (Male) |
| 3:13 | Create | Villager (Male) |
| 3:59 | Create | Villager (Male) |
| 4:00 | Create | Villager (Male) |
| 4:07 | Create | Villager (Male) |
| 5:02 | Create | Villager (Male) |
| 5:03 | Create | Villager (Male) |
| 5:20 | Build | Lumber Camp |
| 5:49 | Create | Villager (Male) |
| 5:49 | Create | Villager (Male) |
| 5:49 | Create | Villager (Male) |
| 5:49 | Create | Villager (Male) |
| 6:01 | Build | House |
| 7:04 | Build | Mill |
| 7:17 | Create | Villager (Male) |
| 7:25 | Build | Mining Camp |
| 7:47 | Create | Villager (Male) |
| 7:58 | Build | Farm |
| 8:01 | Create | Villager (Male) |
| 8:01 | Create | Villager (Male) |
| 8:30 | Build | Farm |
| 8:39 | Research | Feudal Age |
| 8:54 | Build | Farm |
| 9:26 | Build | Farm |
| 11:34 | Age | Feudal Age |
| 11:41 | Research | Castle Age |
| 11:41 | Research | Castle Age |
| 12:27 | Build | Farm |
| 12:33 | Research | Horse Collar |
| 12:41 | Research | Double-Bit Axe |
| 14:21 | Age | Castle Age |
| 14:23 | Create | Villager (Male) |
| 14:26 | Build | Town Center |
| 14:32 | Build | Town Center |
| 14:34 | Create | Villager (Male) |
| 14:44 | Build | Farm |
| 14:45 | Build | Farm |
| 14:46 | Build | Farm |
| 14:48 | Research | Heavy Plow |
| 14:52 | Create | Villager (Male) |
| 15:34 | Create | Villager (Male) |
| 15:41 | Research | Wheelbarrow |
| 16:07 | Create | Villager (Male) |
| 16:11 | Build | Farm |
| 16:11 | Build | Farm |
| 16:18 | Create | Villager (Male) |
| 16:20 | Build | Farm |
| 16:25 | Create | Villager (Male) |
| 16:32 | Create | Villager (Male) |
| 16:38 | Build | House |
| 16:39 | Build | House |
| 16:58 | Create | Villager (Male) |
| 17:01 | Create | Villager (Male) |
| 17:02 | Build | Farm |
| 17:13 | Build | Farm |
| 17:25 | Build | Monastery |
| 17:27 | Create | Villager (Male) |
| 17:28 | Create | Villager (Male) |
| 17:36 | Create | Villager (Male) |
| 17:40 | Build | Farm |
| 17:43 | Create | Villager (Male) |
| 17:55 | Build | House |
| 17:58 | Create | Villager (Male) |
| 18:02 | Research | Loom |
| 18:03 | Create | Villager (Male) |
| 18:07 | Build | Lumber Camp |
| 18:19 | Build | Farm |
| 18:21 | Create | Monk |
| 18:21 | Create | Monk |
| 18:34 | Build | Farm |
| 18:34 | Create | Villager (Male) |
| 18:35 | Create | Villager (Male) |
| 18:36 | Create | Villager (Male) |
| 18:45 | Build | Farm |
| 18:46 | Create | Villager (Male) |
| 18:54 | Build | House |
| 19:01 | Build | Farm |
| 19:03 | Create | Villager (Male) |
| 19:07 | Build | Farm |
| 19:10 | Create | Villager (Male) |
| 19:28 | Create | Monk |
| 19:35 | Create | Villager (Male) |
| 19:37 | Create | Villager (Male) |
| 19:45 | Research | Bow Saw |
| 19:55 | Build | Lumber Camp |
| 19:56 | Create | Villager (Male) |
| 20:00 | Create | Villager (Male) |
| 20:16 | Create | Villager (Male) |
| 20:24 | Build | Farm |
| 20:25 | Build | Farm |
| 20:27 | Create | Villager (Male) |
| 20:28 | Create | Villager (Male) |
| 20:34 | Build | Lumber Camp |
| 20:45 | Create | Villager (Male) |
| 20:46 | Build | Farm |
| 20:48 | Create | Villager (Male) |
| 20:49 | Create | Villager (Male) |
| 20:52 | Build | House |
| 20:54 | Build | House |
| 21:00 | Build | House |
| 21:01 | Build | House |
| 21:05 | Create | Villager (Male) |
| 21:06 | Build | Farm |
| 21:08 | Create | Villager (Male) |
| 21:09 | Create | Villager (Male) |
| 21:10 | Build | Farm |
| 21:22 | Build | Farm |
| 21:22 | Build | Farm |
| 21:24 | Build | Farm |
| 21:26 | Build | Farm |
| 21:27 | Create | Villager (Male) |
| 21:28 | Create | Villager (Male) |
| 21:31 | Create | Villager (Male) |
| 21:34 | Create | Villager (Male) |
| 21:53 | Research | Hand Cart |
| 21:59 | Build | House |
| 21:59 | Build | House |
| 22:18 | Create | Villager (Male) |
| 22:22 | Build | Town Center |
| 22:25 | Create | Villager (Male) |
| 22:27 | Create | Villager (Male) |
| 22:30 | Build | House |
| 22:30 | Build | House |
| 22:32 | Create | Villager (Male) |
| 22:33 | Create | Villager (Male) |
| 22:36 | Research | Gold Mining |
| 22:37 | Create | Villager (Male) |
| 22:39 | Create | Villager (Male) |
| 22:51 | Build | House |
| 22:52 | Build | House |
| 22:58 | Build | Outpost |
| 23:02 | Create | Villager (Male) |
| 23:03 | Build | Farm |
| 23:05 | Build | Farm |
| 23:06 | Create | Villager (Male) |
| 23:08 | Build | Lumber Camp |
| 23:18 | Research | Town Watch |
Match timeline
| 9:27 | CABECINHA · age_up feudal |
| 10:16 | Uanderson|SP · age_up feudal |
| 10:38 | Woker-.- · first_building Barracks |
| 10:57 | henrygon013 · age_up feudal |
| 11:25 | urso · age_up feudal |
| 11:28 | Viktorvic · age_up feudal |
| 11:34 | Sevelinda Parada · age_up feudal |
| 11:39 | Viktorvic · first_building Barracks |
| 12:13 | urso · first_market_sell 100 wood |
| 12:15 | urso · first_market_buy 100 food |
| 14:21 | Sevelinda Parada · age_up castle |
| 15:01 | urso · age_up castle |
| 15:28 | henrygon013 · age_up castle |
| 15:46 | Uanderson|SP · first_building Barracks |
| 16:25 | CABECINHA · age_up castle |
| 16:55 | Uanderson|SP · first_building Stable |
| 17:03 | Uanderson|SP · first_market_sell 100 wood |
| 17:04 | Uanderson|SP · first_market_buy 100 stone |
| 17:25 | Sevelinda Parada · first_building Monastery |
| 17:35 | Uanderson|SP · age_up castle |
| 18:25 | Viktorvic · age_up castle |
| 18:33 | Woker-.- · age_up feudal |
| 19:28 | urso · first_building Barracks |
| 19:35 | Uanderson|SP · first_building Castle |
| 19:45 | henrygon013 · first_building Castle |
| 19:51 | goldendome7890 · first_building Barracks |
| 20:23 | henrygon013 · first_market_buy 100 food |
| 21:03 | urso · first_building Castle |
| 22:15 | Woker-.- · first_building Stable |
| 22:24 | Woker-.- · first_building Archery Range |
| 22:41 | CABECINHA · first_building Castle |
| 22:52 | urso · first_building Archery Range |
| 22:56 | goldendome7890 · first_building Stable |
| 23:00 | urso · first_building Siege Workshop |
| 23:48 | henrygon013 · first_building Barracks |
| 24:20 | Viktorvic · first_building Krepost |
| 24:57 | henrygon013 · first_building Monastery |
| 25:14 | Woker-.- · wall_segment Palisade Wall x1 |
| 25:37 | CABECINHA · first_building Barracks |
| 25:42 | Uanderson|SP · first_building Siege Workshop |
| 25:49 | Sevelinda Parada · first_building Castle |
| 26:53 | henrygon013 · wall_segment Stone Wall x4 |
| 27:06 | Viktorvic · first_building Monastery |
| 27:45 | Sevelinda Parada · first_building Siege Workshop |
| 28:06 | Viktorvic · first_building Castle |
| 28:15 | henrygon013 · first_building Siege Workshop |
| 29:24 | henrygon013 · first_market_sell 100 wood |
| 29:52 | Sevelinda Parada · age_up imperial |
| 30:01 | henrygon013 · wall_segment Stone Wall x7 |
| 31:31 | henrygon013 · wall_segment Palisade Wall x1 |
| 31:39 | henrygon013 · wall_segment Palisade Wall x1 |
| 31:42 | urso · age_up imperial |
| 32:37 | henrygon013 · age_up imperial |
| 32:38 | CABECINHA · age_up imperial |
| 33:01 | henrygon013 · first_building Stable |
| 33:15 | Viktorvic · age_up imperial |
| 33:35 | Woker-.- · age_up castle |
| 34:21 | goldendome7890 · first_building Castle |
| 34:22 | Woker-.- · first_building Castle |
| 34:29 | henrygon013 · wall_segment Stone Wall x2 |
| 34:44 | CABECINHA · first_building Siege Workshop |
| 34:51 | Uanderson|SP · age_up imperial |
| 35:14 | Sevelinda Parada · first_building Stable |
| 36:28 | Viktorvic · first_market_sell 100 food |
| 37:03 | goldendome7890 · first_building Siege Workshop |
| 41:42 | Uanderson|SP · first_building Archery Range |
| 42:46 | Woker-.- · age_up imperial |
| 43:42 | Sevelinda Parada · resign |
| 44:32 | Viktorvic · first_building Siege Workshop |
| 47:02 | henrygon013 · wall_segment Stone Wall x1 |
[ AI ANALYSIS · 1 CREDIT ]
What really happened in this match?
Wolo.gg analyzes every decision: build order, eco, micro, common mistakes by bracket. Personalized analysis on WhatsApp or Discord in 30 seconds.
Civ guide
Persians
Map guide
Arena
Perfil
Uanderson|SP